 Dungeon Crawl Stone Soup version 0.23-a0-358-g98c7a59 (webtiles) character file.

35026 Gorice the Placeless Gnoll (level 13, -12/102 HPs)
             Began as a Gnoll Wanderer on Oct 21, 2018.
             Was a High Priest of Okawaru.
             Mangled by Kirke (13 damage)
             ... on level 5 of the Lair of Beasts on Oct 22, 2018.
             The game lasted 01:30:44 (18534 turns).

Gorice the Placeless Gnoll (Gnoll Wanderer)        Turns: 18534, Time: 01:30:46

Health: -12/102    AC:  0    Str: 17    XL:     13   Next: 81%
Magic:  25/25      EV: 25    Int: 15    God:    Okawaru [*****.]
Gold:   1417       SH:  0    Dex: 17    Spells: 21/29 levels left

rFire    . . .     SeeInvis .     - Unarmed
rCold    . . .     Gourm    .   (shield currently unavailable)
rNeg     . . .     Faith    +   (armour currently unavailable)
rPois    .         Spirit   .   (helmet currently unavailable)
rElec    .         Reflect  .   (cloak currently unavailable)
rCorr    .         Harm     .   (gloves currently unavailable)
MR       .....                  (boots currently unavailable)
Stlth    +++++.....             V - amulet of faith {!P}
HPRegen  0.27/turn              (ring currently unavailable)
MPRegen  0.19/turn              (ring currently unavailable)

@: pig-form, heroism, drained, very quick
A: small, distributed training, strong nose
a: Heroism, Finesse, Renounce Religion


You were on level 5 of the Lair of Beasts.
You worshipped Okawaru.
Okawaru was extremely pleased with you.
You were not hungry.
You were a filthy swine.
You visited 3 branches of the dungeon, and saw 15 of its levels.
You also visited: Sewer and Ice Cave.

You collected 1439 gold pieces.
You spent 22 gold pieces at shops.

Inventory:

Hand Weapons
 a - a +3 war axe of venom (melded)
   (You found it on level 7 of the Dungeon)
 h - a +0 short sword of flaming
   (You took it off an orc on level 5 of the Dungeon)
Missiles
 o - 16 tomahawks
 F - 17 javelins (quivered)
 O - 8 curare-tipped needles
Armour
 g - a +2 pair of gloves (melded)
 p - a +1 large shield of positive energy
   (Okawaru gifted it to you on level 5 of the Lair of Beasts)
 q - a +1 helmet (melded)
 u - a +0 plate armour (melded)
 D - the +0 cloak "Qunoif Agal" (melded) {Str+3}
   (You found it on level 5 of the Dungeon)

   It affects your strength (+3).
Jewellery
 f - a ring of protection from fire (melded)
 i - an uncursed ring of see invisible
 E - an uncursed ring of positive energy
 J - an uncursed ring of fire
 T - an uncursed ring of protection from magic
 U - a +2 ring of evasion (melded)
 V - an amulet of faith (around neck) {!P}
Wands
 b - a wand of scattershot (5)
 w - a wand of iceblast (11)
 z - a wand of paralysis (38)
 A - a wand of acid (12)
 Q - a wand of digging (21)
Scrolls
 d - 4 scrolls of remove curse
 m - a scroll of enchant armour
 t - 3 scrolls of magic mapping {!r}
 v - 2 scrolls of fear {!r}
 y - 3 scrolls of teleportation {!r}
 K - 4 scrolls of identify
 X - a scroll of summoning {!r}
Potions
 e - 2 potions of heal wounds {!q}
 j - 14 potions of curing
 l - 3 potions of might {!q}
 C - 4 potions of brilliance {!q}
 L - 3 potions of berserk rage
 N - 5 potions of agility {!q}
 P - 2 potions of resistance {!q}
 W - 5 potions of flight
Miscellaneous
 c - a box of beasts
Comestibles
 n - 32 rations


   Skills:
 + Level 9.6(14.3) Fighting
 + Level 8.5(13.1) Short Blades
 + Level 8.5(13.1) Long Blades
 + Level 8.9(13.5) Axes
 + Level 8.5(13.1) Maces & Flails
 + Level 8.5(13.1) Polearms
 + Level 8.5(13.1) Staves
 + Level 8.5(13.1) Slings
 + Level 8.5(13.1) Bows
 + Level 8.5(13.1) Crossbows
 + Level 8.5(13.1) Throwing
 + Level 8.5(13.1) Armour
 + Level 8.5(13.1) Dodging
 + Level 8.5(13.1) Stealth
 + Level 8.9(13.5) Shields
 + Level 8.5(13.1) Unarmed Combat
 + Level 8.5(8.1) Spellcasting
 + Level 7.0(6.7) Conjurations
 + Level 7.0(6.7) Hexes
 + Level 7.0(6.7) Charms
 + Level 7.0(6.7) Summonings
 + Level 7.0(6.7) Necromancy
 + Level 11.1(10.7) Translocations
 + Level 7.0(6.7) Transmutations
 + Level 7.0(6.7) Fire Magic
 + Level 7.0(6.7) Ice Magic
 + Level 7.0(6.7) Air Magic
 + Level 7.0(6.7) Earth Magic
 + Level 7.0(6.7) Poison Magic
 + Level 9.2(8.9) Invocations
 + Level 8.9(8.6) Evocations


You had 21 spell levels left.
You knew the following spells:

 Your Spells              Type           Power        Failure   Level  Hunger
s - Shroud of Golubria    Chrm/Tloc      ####......   1%          2    None
G - Passage of Golubria   Tloc           N/A          1%          4    ####...
J - Blink                 Tloc           N/A          1%          2    None

Your spell library contained the following spells:

 Spells                   Type           Power        Failure   Level  Hunger
 Confusing Touch          Hex            ####..       1%          1    None
 Infusion                 Chrm           ####         1%          1    None
 Magic Dart               Conj           ####         1%          1    None
 Searing Ray              Conj           ####..       1%          2    None
 Song of Slaying          Chrm           ####....     1%          2    None
 Swiftness                Chrm/Air       ####....     1%          2    None
 Throw Flame              Conj/Fire      ####..       1%          2    None
 Throw Frost              Conj/Ice       ####..       1%          2    None
 Gell's Gravitas          Tloc           #####.....   1%          3    ##.....
 Lesser Beckoning         Tloc           #####.....   1%          3    ##.....
 Recall                   Summ/Tloc      N/A          1%          3    ##.....
 Teleport Other           Tloc           #####...     1%          3    ##.....
 Confuse                  Hex            ####....     2%          3    ##.....
 Dazzling Spray           Conj/Hex       ####..       2%          3    ##.....
 Mephitic Cloud           Conj/Pois/Air  ####....     2%          3    ##.....
 Ozocubu's Armour         Chrm/Ice       ####....     2%          3    ##.....
 Regeneration             Chrm/Necr      ####......   2%          3    ##.....
 Spectral Weapon          Hex/Chrm       ####....     2%          3    ##.....
 Force Lance              Conj/Tloc      ####....     3%          4    ####...
 Fulminant Prism          Conj/Hex       ####......   8%          4    ####...
 Iskenderun's Mystic Bla  Conj           ####....     8%          4    ####...
 Olgreb's Toxic Radiance  Pois           ####....     8%          4    ####...
 Petrify                  Tmut/Erth      ####....     8%          4    ####...
 Summon Forest            Summ/Tloc      ####......   9%          5    #####..
 Aura of Abjuration       Summ           ####......   21%         5    #####..
 Metabolic Englaciation   Hex/Ice        ####......   21%         5    #####..
 Summon Demon             Summ           ####......   21%         5    #####..
 Summon Mana Viper        Hex/Summ       ####....     21%         5    #####..
 Yara's Violent Unravell  Hex/Tmut       ####......   21%         5    #####..
 Shadow Creatures         Summ           N/A          75%         6    #######
 Ring of Flames           Chrm/Fire      ####......   99%         7    #######


Dungeon Overview and Level Annotations

Branches:
Dungeon (9/15)             Temple (1/1) D:5            Lair (5/6) D:9
 Shoals (0/4) Lair:3        Snake (0/4) Lair:4
  Slime: Lair:5-6       Orc: D:9-12

Altars:
Ashenzari
Cheibriados
Dithmenos
Elyvilon
Fedhas
Gozag
Hepliaklqana
Kikubaaqudgha
Makhleb
Nemelex Xobeh
Okawaru
Qazlal
Ru
Sif Muna
Trog
Uskayaw
Vehumet
Wu Jian
Xom
Yredelemnul
Zin
The Shining One

Shops:
D:6 *

Annotations:
Lair:3 exclusion: orange crystal statue
Lair:5 exclusion: 2 oklob plants, Kirke


Innate Abilities, Weirdness & Mutations

Your experience applies equally to all skills.
((You have very sharp teeth.))
Your uncanny sense of smell can sniff out nearby items.


Message History

Damage: 27 (max 27)
You hit Kirke.
Kirke is heavily wounded.
The harpy completely misses you. The harpy misses you.
The hog completely misses you. Kirke hits you!
* * * LOW HITPOINT WARNING * * *
The hog barely misses you.
Unknown command.
Damage: 14 (max 27) Unknown command.
You hit Kirke but do no damage.
Kirke is heavily wounded.
The harpy misses you. The harpy completely misses you. The hog bites you.
* * * LOW HITPOINT WARNING * * *
The harpy closely misses you. The harpy misses you. The hog bites you.
* * * LOW HITPOINT WARNING * * *
Kirke hits you!
* * * LOW HITPOINT WARNING * * *
Damage: 22 (max 27) Unknown command.
Unknown command.
Unknown command.
You can't do that in your present form.
The harpy completely misses you. The harpy closely misses you.
The harpy claws you!
* * * LOW HITPOINT WARNING * * *
The harpy completely misses you.
Damage: 8 (max 27) Unknown command.
The harpy screeches!
The harpy closely misses you.
The harpy misses you. x2; The harpy claws you.
* * * LOW HITPOINT WARNING * * *
Damage: 6 (max 27) Unknown command.
The harpy completely misses you. The harpy barely misses you.
Unknown command.
The harpy screeches!
The harpy closely misses you. The harpy claws you!
* * * LOW HITPOINT WARNING * * *
The harpy completely misses you. x2
Damage: 10 (max 27) Unknown command.
Really quaff
e - 3 potions of heal wounds {!q}?
You feel much better.
The harpy screeches!
The harpy barely misses you. The harpy completely misses you.
The harpy claws you!!
* * * LOW HITPOINT WARNING * * *
The harpy closely misses you. Kirke hits you!
You die...

.........#
##.........##
#...........#
#..........##
###.........#.#
##
#............##
P#.
...P.........P#
....
P.......H.....#
....
P......hhH..###
....
......h@.....###
....
...............#
....
.........H...###
....
.......(((...#
....
....../.....##
...
............#
.##
######P.###.#
#.# ### #.#


You could see Kirke, a manticore, 2 harpies and 2 hogs.

Vanquished Creatures
  A frost giant (IceCv)
  4 hydras
  Nergalle (Lair:2)
  2 wolf spiders (Lair:4)
  A cyclops (D:9)
  A manticore (Lair:3)
  5 elephants (Lair:3)
  An ice statue (IceCv)
  8 spiny frogs
  6 rime drakes
  5 komodo dragons
  A troll (D:8)
  17 polar bears
  5 hippogriffs
  A hornet (Lair:4)
  8 blink frogs (Lair:4)
  Prince Ribbit (D:9)
  33 yaks
  2 basilisks
  A human (D:7)
  A hungry ghost (D:9)
  6 hogs
  2 nagas (Lair:4)
  10 water moccasins
  16 porcupines
  2 orc warriors (D:8)
  A sky beast (D:5)
  An ice beast (D:6)
  A black bear (D:6)
  An ogre (D:4)
  3 phantoms
  22 wolves (IceCv)
  9 crocodiles
  7 big kobolds
  10 bullfrogs
  Dowan (D:7)
  5 scorpions
  10 wights
  2 electric eels (Lair:1)
  3 crimson imps
  A bullfrog zombie (D:9)
  2 lava snakes (Lair:3)
  Crazy Yiuf (D:7)
  7 hounds
  A jelly (D:7)
  8 orc priests
  A bullfrog skeleton (D:4)
  4 orc wizards
  Ijyb (D:3)
  4 hell rats
  6 worker ants
  A hound zombie (D:7)
  A hound skeleton (D:6)
  A worker ant zombie (D:8)
  20 adders
  7 river rats
  2 oozes
  3 dart slugs
  5 leopard geckos
  34 orcs
  7 bats
  10 giant cockroaches
  6 goblins
  8 hobgoblins
  10 jackals
  6 quokkas
  10 ball pythons
  5 frilled lizards
  2 jackal zombies
  35 kobolds
  A leopard gecko skeleton (D:5)
  25 rats
  A butterfly (Lair:3)
  3 fungi
  3 plants (Lair:4)
459 creatures vanquished.

Vanquished Creatures (others)
  A polar bear (IceCv)
  A yak (IceCv)
  Duvessa (D:7)
  A bush (Lair:4)
  11 fungi
  18 plants
33 creatures vanquished.

Grand Total: 492 creatures vanquished

Notes
Turn   | Place    | Note
-------+----------+-------------------------------------------
     0 | D:1      | Gorice the Gnoll Wanderer began the quest for the Orb.
     0 | D:1      | Gorice set off with: a wand of random effects (15), a +0
                  | robe, a +0 dagger, a ration
     0 | D:1      | Reached XP level 1. HP: 20/20 MP: 2/2
   376 | D:1      | Reached XP level 2. HP: 22/26 MP: 3/3
   788 | D:1      | Learned a level 2 spell: Blink
   945 | D:1      | Reached XP level 3. HP: 31/31 MP: 4/4
  1452 | D:2      | Found a snail-covered altar of Cheibriados.
  1617 | D:2      | Reached skill level 1 in Invocations
  2067 | D:2      | Reached skill level 1 in Short Blades
  2067 | D:2      | Reached skill level 1 in Long Blades
  2067 | D:2      | Reached skill level 1 in Maces & Flails
  2067 | D:2      | Reached skill level 1 in Polearms
  2067 | D:2      | Reached skill level 1 in Staves
  2067 | D:2      | Reached skill level 1 in Slings
  2067 | D:2      | Reached skill level 1 in Bows
  2067 | D:2      | Reached skill level 1 in Crossbows
  2067 | D:2      | Reached skill level 1 in Throwing
  2067 | D:2      | Reached skill level 1 in Armour
  2067 | D:2      | Reached skill level 1 in Dodging
  2067 | D:2      | Reached skill level 1 in Stealth
  2067 | D:2      | Reached skill level 1 in Unarmed Combat
  2067 | D:2      | Reached skill level 1 in Spellcasting
  2067 | D:2      | Reached XP level 4. HP: 33/38 MP: 4/6
  2642 | D:2      | Reached skill level 1 in Conjurations
  2642 | D:2      | Reached skill level 1 in Hexes
  2642 | D:2      | Reached skill level 1 in Charms
  2642 | D:2      | Reached skill level 1 in Summonings
  2642 | D:2      | Reached skill level 1 in Necromancy
  2642 | D:2      | Reached skill level 1 in Transmutations
  2642 | D:2      | Reached skill level 1 in Fire Magic
  2642 | D:2      | Reached skill level 1 in Ice Magic
  2642 | D:2      | Reached skill level 1 in Air Magic
  2642 | D:2      | Reached skill level 1 in Earth Magic
  2642 | D:2      | Reached skill level 1 in Poison Magic
  2719 | D:3      | Reached XP level 5. HP: 26/43 MP: 7/7
  2843 | D:3      | Noticed Ijyb
  2853 | D:3      | Reached skill level 3 in Axes
  2853 | D:3      | Reached skill level 3 in Shields
  2853 | D:3      | Reached skill level 3 in Evocations
  2873 | D:3      | Killed Ijyb
  3018 | D:3      | Found a sacrificial altar of Ru.
  3290 | D:3      | Learned a level 2 spell: Shroud of Golubria
  3306 | D:4      | Found a sparkling altar of Nemelex Xobeh.
  3319 | D:4      | Reached XP level 6. HP: 42/50 MP: 8/8
  3338 | D:4      | Reached skill level 2 in Invocations
  3398 | D:4      | Noticed a phantom
  3533 | D:4      | Noticed a phantom
  3595 | D:3      | Killed a phantom
  3595 | D:3      | Reached skill level 5 in Fighting
  3595 | D:3      | Reached skill level 2 in Short Blades
  3595 | D:3      | Reached skill level 2 in Long Blades
  3595 | D:3      | Reached skill level 2 in Maces & Flails
  3595 | D:3      | Reached skill level 2 in Polearms
  3595 | D:3      | Reached skill level 2 in Staves
  3595 | D:3      | Reached skill level 2 in Slings
  3595 | D:3      | Reached skill level 2 in Bows
  3595 | D:3      | Reached skill level 2 in Crossbows
  3595 | D:3      | Reached skill level 2 in Throwing
  3595 | D:3      | Reached skill level 2 in Armour
  3595 | D:3      | Reached skill level 2 in Dodging
  3595 | D:3      | Reached skill level 2 in Stealth
  3595 | D:3      | Reached skill level 2 in Unarmed Combat
  3595 | D:3      | Reached skill level 2 in Spellcasting
  3727 | D:4      | Reached skill level 9 in Translocations
  3727 | D:4      | Reached XP level 7. HP: 28/56 MP: 10/10
  4071 | D:4      | Reached skill level 2 in Conjurations
  4071 | D:4      | Reached skill level 2 in Hexes
  4071 | D:4      | Reached skill level 2 in Charms
  4071 | D:4      | Reached skill level 2 in Summonings
  4071 | D:4      | Reached skill level 2 in Necromancy
  4071 | D:4      | Reached skill level 2 in Transmutations
  4071 | D:4      | Reached skill level 2 in Fire Magic
  4071 | D:4      | Reached skill level 2 in Ice Magic
  4071 | D:4      | Reached skill level 2 in Air Magic
  4071 | D:4      | Reached skill level 2 in Earth Magic
  4071 | D:4      | Reached skill level 2 in Poison Magic
  4490 | D:5      | Entered Level 5 of the Dungeon
  4507 | D:5      | Learned a level 4 spell: Passage of Golubria
  4534 | D:5      | Got an encrusted cloak
  4557 | D:4      | Identified the +0 cloak "Qunoif Agal" {Str+3} (You found it
                  | on level 5 of the Dungeon)
  4614 | D:5      | Reached skill level 3 in Invocations
  4700 | D:5      | Reached XP level 8. HP: 22/63 MP: 12/12
  4860 | D:5      | Reached skill level 4 in Axes
  4860 | D:5      | Reached skill level 4 in Shields
  4860 | D:5      | Reached skill level 4 in Evocations
  4897 | D:5      | Reached skill level 3 in Short Blades
  4897 | D:5      | Reached skill level 3 in Long Blades
  4897 | D:5      | Reached skill level 3 in Maces & Flails
  4897 | D:5      | Reached skill level 3 in Polearms
  4897 | D:5      | Reached skill level 3 in Staves
  4897 | D:5      | Reached skill level 3 in Slings
  4897 | D:5      | Reached skill level 3 in Bows
  4897 | D:5      | Reached skill level 3 in Crossbows
  4897 | D:5      | Reached skill level 3 in Throwing
  4897 | D:5      | Reached skill level 3 in Armour
  4897 | D:5      | Reached skill level 3 in Dodging
  4897 | D:5      | Reached skill level 3 in Stealth
  4897 | D:5      | Reached skill level 3 in Unarmed Combat
  4897 | D:5      | Reached skill level 3 in Spellcasting
  5218 | D:5      | Found a staircase to the Ecumenical Temple.
  5230 | Temple   | Entered the Ecumenical Temple
  5456 | Temple   | Became a worshipper of Warmaster Okawaru
  5961 | D:6      | Found Vicazit's Assorted Antiques.
  5987 | D:6      | Bought a fizzy emerald potion for 22 gold pieces
  6101 | D:6      | Found a glowing drain.
  6105 | Sewer    | Entered a sewer
  6177 | Sewer    | Reached skill level 4 in Invocations
  6260 | Sewer    | Reached * piety under Okawaru
  6260 | Sewer    | Reached skill level 3 in Conjurations
  6260 | Sewer    | Reached skill level 3 in Hexes
  6260 | Sewer    | Reached skill level 3 in Charms
  6260 | Sewer    | Reached skill level 3 in Summonings
  6260 | Sewer    | Reached skill level 3 in Necromancy
  6260 | Sewer    | Reached skill level 3 in Transmutations
  6260 | Sewer    | Reached skill level 3 in Fire Magic
  6260 | Sewer    | Reached skill level 3 in Ice Magic
  6260 | Sewer    | Reached skill level 3 in Air Magic
  6260 | Sewer    | Reached skill level 3 in Earth Magic
  6260 | Sewer    | Reached skill level 3 in Poison Magic
  6330 | Sewer    | Reached XP level 9. HP: 63/69 MP: 14/14
  6338 | Sewer    | Reached skill level 6 in Fighting
  6839 | D:6      | Identified the +1 leather armour of Incorporation {Int+2}
  7027 | D:6      | Reached skill level 4 in Short Blades
  7027 | D:6      | Reached skill level 4 in Long Blades
  7027 | D:6      | Reached skill level 4 in Maces & Flails
  7027 | D:6      | Reached skill level 4 in Polearms
  7027 | D:6      | Reached skill level 4 in Staves
  7027 | D:6      | Reached skill level 4 in Slings
  7027 | D:6      | Reached skill level 4 in Bows
  7027 | D:6      | Reached skill level 4 in Crossbows
  7027 | D:6      | Reached skill level 4 in Throwing
  7027 | D:6      | Reached skill level 4 in Armour
  7027 | D:6      | Reached skill level 4 in Dodging
  7027 | D:6      | Reached skill level 4 in Stealth
  7027 | D:6      | Reached skill level 4 in Unarmed Combat
  7027 | D:6      | Reached skill level 4 in Spellcasting
  7051 | D:6      | Noticed a dagger
  7052 | D:6      | Noticed a hand axe
  7053 | D:6      | Found a hide-covered altar of Uskayaw.
  7358 | D:7      | You fall through a shaft for 2 floors!
  7358 | D:9      | Noticed a cyclops
  7376 | D:9      | Killed a cyclops
  7376 | D:9      | Reached ** piety under Okawaru
  7376 | D:9      | Reached skill level 5 in Axes
  7376 | D:9      | Reached skill level 5 in Shields
  7376 | D:9      | Reached skill level 5 in Evocations
  7471 | D:9      | Found an ornate altar of the Wu Jian Council.
  7689 | D:9      | Noticed Prince Ribbit
  7798 | D:9      | Killed Prince Ribbit
  7845 | D:9      | Reached skill level 5 in Invocations
  7890 | D:9      | Found a staircase to the Lair.
  8085 | D:8      | Reached XP level 10. HP: 77/77 MP: 17/17
  8257 | D:7      | Found a white marble altar of Elyvilon.
  8292 | D:7      | Found a stormy altar of Qazlal.
  8427 | D:7      | Reached skill level 4 in Conjurations
  8427 | D:7      | Reached skill level 4 in Hexes
  8427 | D:7      | Reached skill level 4 in Charms
  8427 | D:7      | Reached skill level 4 in Summonings
  8427 | D:7      | Reached skill level 4 in Necromancy
  8427 | D:7      | Reached skill level 4 in Transmutations
  8427 | D:7      | Reached skill level 4 in Fire Magic
  8427 | D:7      | Reached skill level 4 in Ice Magic
  8427 | D:7      | Reached skill level 4 in Air Magic
  8427 | D:7      | Reached skill level 4 in Earth Magic
  8427 | D:7      | Reached skill level 4 in Poison Magic
  8472 | D:7      | Noticed Dowan
  8472 | D:7      | Noticed Duvessa
  8487 | D:7      | Killed Duvessa
  8504 | D:7      | Killed Dowan
  8816 | D:7      | Found a runed door.
  8820 | D:7      | Noticed Crazy Yiuf
  8836 | D:7      | Killed Crazy Yiuf
  8836 | D:7      | Reached skill level 5 in Short Blades
  8836 | D:7      | Reached skill level 5 in Long Blades
  8836 | D:7      | Reached skill level 5 in Maces & Flails
  8836 | D:7      | Reached skill level 5 in Polearms
  8836 | D:7      | Reached skill level 5 in Staves
  8836 | D:7      | Reached skill level 5 in Slings
  8836 | D:7      | Reached skill level 5 in Bows
  8836 | D:7      | Reached skill level 5 in Crossbows
  8836 | D:7      | Reached skill level 5 in Throwing
  8836 | D:7      | Reached skill level 5 in Armour
  8836 | D:7      | Reached skill level 5 in Dodging
  8836 | D:7      | Reached skill level 5 in Stealth
  8836 | D:7      | Reached skill level 5 in Unarmed Combat
  8836 | D:7      | Reached skill level 5 in Spellcasting
  8961 | D:7      | Reached *** piety under Okawaru
  8981 | D:7      | Reached skill level 7 in Fighting
  9369 | D:8      | HP: 23/79 [orc warrior/+0 halberd (4)]
  9388 | D:8      | HP: 23/79 [orc warrior/+0 halberd (14)]
  9394 | D:8      | HP: 20/79 [water moccasin (1)]
  9636 | D:8      | Reached skill level 6 in Axes
  9636 | D:8      | Reached skill level 6 in Shields
  9636 | D:8      | Reached skill level 6 in Evocations
  9647 | D:8      | Found a hazy altar of Hepliaklqana.
  9789 | D:8      | Found a sparkling altar of Nemelex Xobeh.
 10099 | D:8      | Reached skill level 6 in Invocations
 10210 | D:8      | HP: 15/79 [orc warrior/+0 halberd (15)]
 10211 | D:8      | HP: 5/79 [orc warrior/+0 halberd (10)]
 10439 | D:8      | Identified a scroll of acquirement
 10624 | D:9      | Reached skill level 10 in Translocations
 10702 | D:9      | Reached XP level 11. HP: 84/84 MP: 19/19
 10800 | D:9      | Reached **** piety under Okawaru
 11253 | Lair:1   | Entered Level 1 of the Lair of Beasts
 11311 | D:9      | HP: 21/84 [crocodile (7)]
 11312 | D:9      | HP: 10/84 [crocodile (11)]
 11317 | D:9      | HP: 11/84 [poisoned by a spiny frog]
 11501 | Lair:1   | Reached skill level 6 in Short Blades
 11501 | Lair:1   | Reached skill level 6 in Long Blades
 11501 | Lair:1   | Reached skill level 6 in Maces & Flails
 11501 | Lair:1   | Reached skill level 6 in Polearms
 11501 | Lair:1   | Reached skill level 6 in Staves
 11501 | Lair:1   | Reached skill level 6 in Slings
 11501 | Lair:1   | Reached skill level 6 in Bows
 11501 | Lair:1   | Reached skill level 6 in Crossbows
 11501 | Lair:1   | Reached skill level 6 in Throwing
 11501 | Lair:1   | Reached skill level 6 in Armour
 11501 | Lair:1   | Reached skill level 6 in Dodging
 11501 | Lair:1   | Reached skill level 6 in Stealth
 11501 | Lair:1   | Reached skill level 6 in Unarmed Combat
 11501 | Lair:1   | Reached skill level 6 in Spellcasting
 11501 | Lair:1   | Reached skill level 5 in Conjurations
 11501 | Lair:1   | Reached skill level 5 in Hexes
 11501 | Lair:1   | Reached skill level 5 in Charms
 11501 | Lair:1   | Reached skill level 5 in Summonings
 11501 | Lair:1   | Reached skill level 5 in Necromancy
 11501 | Lair:1   | Reached skill level 5 in Transmutations
 11501 | Lair:1   | Reached skill level 5 in Fire Magic
 11501 | Lair:1   | Reached skill level 5 in Ice Magic
 11501 | Lair:1   | Reached skill level 5 in Air Magic
 11501 | Lair:1   | Reached skill level 5 in Earth Magic
 11501 | Lair:1   | Reached skill level 5 in Poison Magic
 11954 | Lair:1   | Reached ***** piety under Okawaru
 12133 | Lair:1   | Noticed an eight-headed hydra
 12146 | Lair:1   | Killed an eight-headed hydra
 12464 | Lair:2   | Reached skill level 7 in Invocations
 12528 | Lair:2   | Noticed Nergalle
 12546 | Lair:2   | Killed Nergalle
 12546 | Lair:2   | Reached skill level 8 in Fighting
 12546 | Lair:2   | Reached skill level 7 in Axes
 12546 | Lair:2   | Reached skill level 7 in Shields
 12546 | Lair:2   | Reached skill level 7 in Evocations
 13113 | Lair:2   | Upgraded the game from 0.23-a0-356-g1757c6e to
                  | 0.23-a0-358-g98c7a59
 13276 | Lair:3   | Found a frozen archway.
 13286 | Lair:3   | Reached XP level 12. HP: 52/93 MP: 22/22
 13350 | IceCv    | Entered an ice cave
 13399 | IceCv    | Received a gift from Okawaru
 13560 | IceCv    | HP: 20/94 [ice statue/bolt of cold (18)]
 13565 | IceCv    | HP: 16/94 [ice statue/bolt of cold (25)]
 13573 | IceCv    | HP: 1/94 [ice statue/bolt of cold (19)]
 13780 | IceCv    | Reached skill level 7 in Short Blades
 13780 | IceCv    | Reached skill level 7 in Long Blades
 13780 | IceCv    | Reached skill level 7 in Maces & Flails
 13780 | IceCv    | Reached skill level 7 in Polearms
 13780 | IceCv    | Reached skill level 7 in Staves
 13780 | IceCv    | Reached skill level 7 in Slings
 13780 | IceCv    | Reached skill level 7 in Bows
 13780 | IceCv    | Reached skill level 7 in Crossbows
 13780 | IceCv    | Reached skill level 7 in Throwing
 13780 | IceCv    | Reached skill level 7 in Armour
 13780 | IceCv    | Reached skill level 7 in Dodging
 13780 | IceCv    | Reached skill level 7 in Stealth
 13780 | IceCv    | Reached skill level 7 in Unarmed Combat
 13780 | IceCv    | Reached skill level 7 in Spellcasting
 14092 | IceCv    | Reached skill level 6 in Conjurations
 14092 | IceCv    | Reached skill level 6 in Hexes
 14092 | IceCv    | Reached skill level 6 in Charms
 14092 | IceCv    | Reached skill level 6 in Summonings
 14092 | IceCv    | Reached skill level 6 in Necromancy
 14092 | IceCv    | Reached skill level 6 in Transmutations
 14092 | IceCv    | Reached skill level 6 in Fire Magic
 14092 | IceCv    | Reached skill level 6 in Ice Magic
 14092 | IceCv    | Reached skill level 6 in Air Magic
 14092 | IceCv    | Reached skill level 6 in Earth Magic
 14092 | IceCv    | Reached skill level 6 in Poison Magic
 14178 | IceCv    | Reached skill level 8 in Invocations
 14260 | IceCv    | HP: 25/94 [rime drake/flash freeze (24)]
 14507 | IceCv    | Noticed a frost giant
 14541 | IceCv    | HP: 28/94 [frost giant/+0 battleaxe of freezing (10)]
 14547 | IceCv    | Killed a frost giant
 14547 | IceCv    | Reached skill level 8 in Axes
 14547 | IceCv    | Reached skill level 8 in Shields
 14547 | IceCv    | Reached skill level 8 in Evocations
 14585 | IceCv    | Reached skill level 9 in Fighting
 14592 | IceCv    | HP: 27/95 [polar bear (18)]
 14751 | IceCv    | Identified Zemeteaf's Disquisition on Toxic Augmentations
 15095 | Lair:3   | Found a staircase to the Shoals.
 15110 | Lair:3   | Reached XP level 13. HP: 101/101 MP: 24/24
 15263 | Lair:3   | Reached ****** piety under Okawaru
 15268 | Lair:3   | Received a gift from Okawaru
 15281 | Lair:3   | Got an iridescent fustibalus {god gift}
 15297 | Lair:3   | Identified the +9 fustibalus of the Hero {freeze, rElec rF+
                  | MR+ Int-4} (Okawaru gifted it to you on level 3 of the Lair
                  | of Beasts)
 15456 | Lair:3   | HP: 27/101 [seven-headed hydra (4)]
 16032 | Lair:4   | Reached skill level 8 in Short Blades
 16032 | Lair:4   | Reached skill level 8 in Long Blades
 16032 | Lair:4   | Reached skill level 8 in Maces & Flails
 16032 | Lair:4   | Reached skill level 8 in Polearms
 16032 | Lair:4   | Reached skill level 8 in Staves
 16032 | Lair:4   | Reached skill level 8 in Slings
 16032 | Lair:4   | Reached skill level 8 in Bows
 16032 | Lair:4   | Reached skill level 8 in Crossbows
 16032 | Lair:4   | Reached skill level 8 in Throwing
 16032 | Lair:4   | Reached skill level 8 in Armour
 16032 | Lair:4   | Reached skill level 8 in Dodging
 16032 | Lair:4   | Reached skill level 8 in Stealth
 16032 | Lair:4   | Reached skill level 8 in Unarmed Combat
 16032 | Lair:4   | Reached skill level 8 in Spellcasting
 16092 | Lair:4   | Found a staircase to the Snake Pit.
 16413 | Lair:4   | Reached skill level 11 in Translocations
 16524 | Lair:4   | HP: 30/101 [wolf spider (7)]
 16525 | Lair:4   | Received a gift from Okawaru
 16525 | Lair:4   | Reached skill level 9 in Invocations
 16529 | Lair:4   | HP: 19/101 [poisoned by a wolf spider]
 16534 | Lair:4   | HP: 13/101 [poisoned by a wolf spider]
 16539 | Lair:4   | HP: 23/101 [poisoned by a spiny frog]
 16544 | Lair:4   | HP: 20/101 [poisoned by a spiny frog]
 16550 | Lair:4   | HP: 17/101 [poisoned by a spiny frog]
 16555 | Lair:4   | HP: 17/101 [poisoned by a spiny frog]
 16562 | Lair:4   | HP: 19/101 [poisoned by a spiny frog]
 16570 | Lair:4   | HP: 21/101 [poisoned by a spiny frog]
 16578 | Lair:4   | HP: 25/101 [poisoned by a spiny frog]
 17549 | Lair:5   | Reached skill level 7 in Conjurations
 17549 | Lair:5   | Reached skill level 7 in Hexes
 17549 | Lair:5   | Reached skill level 7 in Charms
 17549 | Lair:5   | Reached skill level 7 in Summonings
 17549 | Lair:5   | Reached skill level 7 in Necromancy
 17549 | Lair:5   | Reached skill level 7 in Transmutations
 17549 | Lair:5   | Reached skill level 7 in Fire Magic
 17549 | Lair:5   | Reached skill level 7 in Ice Magic
 17549 | Lair:5   | Reached skill level 7 in Air Magic
 17549 | Lair:5   | Reached skill level 7 in Earth Magic
 17549 | Lair:5   | Reached skill level 7 in Poison Magic
 18205 | Lair:5   | Received a gift from Okawaru
 18515 | Lair:5   | Noticed Kirke
 18529 | Lair:5   | HP: 25/102 [Kirke (10)]
 18531 | Lair:5   | HP: 11/102 [harpy[Kirke] (6)]
 18533 | Lair:5   | HP: 1/102 [harpy[Kirke] (11)]
 18534 | Lair:5   | Mangled by Kirke

Vault maps used:
D:1:      dpeg_arrival_prison, bh_walls_and_bars
D:2:      overflow_temple_1_default, kennysheep_generic_room_6
D:3:      nicolae_overflow_crystal_walls, minivault_11, uniq_ijyb
D:4:      minmay_opposing_rooms, first_ration, nemelex_xobeh_ov_fountains_minmay
D:5:      minmay_temple_entry_poolview
D:6:      dancing_weapons_uskayaw, gup_sewer_entry_bowl, serial_shops, shop
D:7:      elyvilon_altar_4, nicolae_qazlal_eye_of_the_storm, grunt_livestock,
          uniq_duvessa, uniq_crazy_yiuf_cottage
D:8:      lemuel_round_altar, nemelex_lonely_heart_becter
D:9:      lemuel_crystal_altar, minmay_lair_entry_grove, enter_bailey_6,
          lightli_minifort, uniq_prince_ribbit1
Temple:   regret_index_temple_generic_petals
Lair:1:   grunt_megastairs_4, serial_bayou_shore_a
Lair:2:   uniq_nergalle
Lair:3:   minmay_shoals_entry_beasts, portal_ice_cave_rime, minivault_23,
          disabler_island, lemuel_fruit_fields
Lair:4:   minmay_lair_venomous_thicket, guppyfry_snake_entry_island
Lair:5:   minmay_slime_entry_oklob_enclosed, grunt_forest_small_clearings,
          uniq_kirke
Sewer:    sewer_minmay_treatment
IceCv:    ice_cave_caverns_02

Skill      XL: |  1  2  3  4  5  6  7  8  9 10 11 12 13 |
---------------+----------------------------------------+-----
Invocations    | 1 2 3 4 5 6 7 8 9 |  9.2
Short Blades   | 1 2 3 4 5 6 7 8 |  8.5
Long Blades    | 1 2 3 4 5 6 7 8 |  8.5
Maces & Flails | 1 2 3 4 5 6 7 8 |  8.5
Polearms       | 1 2 3 4 5 6 7 8 |  8.5
Staves         | 1 2 3 4 5 6 7 8 |  8.5
Slings         | 1 2 3 4 5 6 7 8 |  8.5
Bows           | 1 2 3 4 5 6 7 8 |  8.5
Crossbows      | 1 2 3 4 5 6 7 8 |  8.5
Throwing       | 1 2 3 4 5 6 7 8 |  8.5
Armour         | 1 2 3 4 5 6 7 8 |  8.5
Dodging        | 1 2 3 4 5 6 7 8 |  8.5
Stealth        | 1 2 3 4 5 6 7 8 |  8.5
Unarmed Combat | 1 2 3 4 5 6 7 8 |  8.5
Spellcasting   | 1 2 3 4 5 6 7 8 |  8.5
Conjurations   | 1 2 3 4 5 6 7 |  7.0
Hexes          | 1 2 3 4 5 6 7 |  7.0
Charms         | 1 2 3 4 5 6 7 |  7.0
Summonings     | 1 2 3 4 5 6 7 |  7.0
Necromancy     | 1 2 3 4 5 6 7 |  7.0
Transmutations | 1 2 3 4 5 6 7 |  7.0
Fire Magic     | 1 2 3 4 5 6 7 |  7.0
Ice Magic      | 1 2 3 4 5 6 7 |  7.0
Air Magic      | 1 2 3 4 5 6 7 |  7.0
Earth Magic    | 1 2 3 4 5 6 7 |  7.0
Poison Magic   | 1 2 3 4 5 6 7 |  7.0
Axes           | 3 4 5 6 7 8 |  8.9
Shields        | 3 4 5 6 7 8 |  8.9
Evocations     | 3 4 5 6 7 8 |  8.9
Fighting       | 5 6 7 8 9 |  9.6
Translocations | 9 10 11 | 11.1

Action                   |  1- 3 |  4- 6 |  7- 9 | 10-12 | 13-15 || total
-------------------------+-------+-------+-------+-------+-------++-------
Melee: Dagger            |    37 |       |       |       |       ||    37
       Bite              |    11 |    28 |    75 |   197 |    46 ||   357
       Short sword       |   130 |    73 |       |       |     8 ||   211
       Hand axe          |       |   162 |   526 |   753 |       ||  1441
       Punch             |       |       |    15 |    39 |    14 ||    68
       War axe           |       |       |       |   376 |   276 ||   652
       Battleaxe         |       |       |       |     3 |       ||     3
       Unarmed           |       |       |       |       |     7 ||     7
 Fire: Hunting sling     |       |    27 |   118 |       |       ||   145
Throw: Tomahawk          |       |     3 |    12 |    40 |       ||    55
       Javelin           |       |       |       |    30 |    26 ||    56
 Cast: Shroud of Golubri |       |     1 |       |       |       ||     1
       Blink             |       |       |       |     2 |       ||     2
Invok: Heroism           |       |       |     2 |    14 |     5 ||    21
       Finesse           |       |       |       |     2 |       ||     2
Evoke: Wand              |       |       |       |    10 |    14 ||    24
  Use: Scroll            |     3 |     6 |    11 |     7 |     2 ||    29
       Potion            |       |       |       |     5 |     3 ||     8
 Stab: Sleeping          |     4 |     3 |     5 |       |       ||    12
       Paralysed         |       |       |       |       |     1 ||     1
  Eat: Chunk             |     4 |     5 |    17 |    21 |    11 ||    58
       Ration            |       |       |       |     1 |       ||     1
Armor: Robe              |    36 |       |       |       |       ||    36
       Ring mail         |    12 |   103 |    56 |       |       ||   171
       Scale mail        |       |       |   183 |    99 |       ||   282
       Chain mail        |       |       |       |    65 |       ||    65
       Plate armour      |       |       |       |   464 |   235 ||   699
Dodge: Dodged            |    93 |   141 |   325 |   713 |   262 ||  1534

Table legend:
 A = Non-vault XP
 B = Vault XP
 C = Vault XP percentage of total XP
 D = Non-vault monster count
 E = Vault monster count
 F = Vault count percentage of total count
                 A         B        C        D         E       F
            +---------+---------+-------+---------+---------+-------
      Total |   27325 |   22713 |  45.4 |     289 |     164 |  36.2
            +---------+---------+-------+---------+---------+-------
        D:1 |      35 |       3 |   7.9 |      21 |       2 |   8.7
        D:2 |     103 |       4 |   3.7 |      19 |       2 |   9.5
        D:3 |     233 |      36 |  13.4 |      24 |       1 |   4.0
        D:4 |     381 |     189 |  33.2 |      14 |       6 |  30.0
        D:5 |     625 |       0 |   0.0 |      37 |       0 |   0.0
        D:6 |     858 |      16 |   1.8 |      26 |       3 |  10.3
        D:7 |     710 |    1207 |  63.0 |      11 |       8 |  42.1
        D:8 |    1486 |       0 |   0.0 |      33 |       0 |   0.0
        D:9 |    1270 |    2685 |  67.9 |      17 |      14 |  45.2
     Lair:1 |    3615 |     556 |  13.3 |      15 |       2 |  11.8
     Lair:2 |    2099 |     828 |  28.3 |      10 |       1 |   9.1
     Lair:3 |    5730 |    1596 |  21.8 |      20 |       6 |  23.1
     Lair:4 |    7212 |    2511 |  25.8 |      29 |      15 |  34.1
     Lair:5 |    2968 |     392 |  11.7 |      13 |       2 |  13.3
      Sewer |       0 |     531 | 100.0 |       0 |      48 | 100.0
      IceCv |       0 |   12159 | 100.0 |       0 |      54 | 100.0
            +---------+---------+-------+---------+---------+-------

Table legend:
 A = Turns spent in this place as a percentage of turns spent in the entire game.
 B = Non-inter-level travel turns spent in this place as a percentage of non-inter-level travel turns spent in the entire game.
 C = Inter-level travel turns spent in this place as a percentage of turns spent in this place.
 D = Turns resting spent in this place as a percentage of non-inter-level travel turns spent in this place.
 E = Turns spent auto-exploring this place as a percentage of non-inter-level travel turns spent in this place.
 F = Non-inter-level travel turns spent in this place divided by the number of levels of this place that you've seen.
                   A       B       C       D       E      F
               +-------+-------+-------+-------+-------+----------------------
         Total | 100.0 | 100.0 |   3.8 |  17.1 |  37.3 | 1048.9
       Dungeon |  57.4 |  57.1 |   4.2 |  12.9 |  40.0 | 1131.8
        Temple |   1.3 |   1.1 |  18.4 |   0.0 |  98.5 | 199.0
          Lair |  29.1 |  29.1 |   3.9 |  22.0 |  39.9 | 1036.6
         Sewer |   3.0 |   3.2 |   0.0 |   0.0 |  19.8 | 565.0
      Ice Cave |   9.2 |   9.5 |   0.0 |  35.4 |  12.0 | 1699.0
               +-------+-------+-------+-------+-------+----------------------

Vault maps used:
D:1:      dpeg_arrival_prison, bh_walls_and_bars
D:2:      overflow_temple_1_default, kennysheep_generic_room_6
D:3:      nicolae_overflow_crystal_walls, minivault_11, uniq_ijyb
D:4:      minmay_opposing_rooms, first_ration, nemelex_xobeh_ov_fountains_minmay
D:5:      minmay_temple_entry_poolview
D:6:      dancing_weapons_uskayaw, gup_sewer_entry_bowl, serial_shops, shop
D:7:      elyvilon_altar_4, nicolae_qazlal_eye_of_the_storm, grunt_livestock,
          uniq_duvessa, uniq_crazy_yiuf_cottage
D:8:      lemuel_round_altar, nemelex_lonely_heart_becter
D:9:      lemuel_crystal_altar, minmay_lair_entry_grove, enter_bailey_6,
          lightli_minifort, uniq_prince_ribbit1
Temple:   regret_index_temple_generic_petals
Lair:1:   grunt_megastairs_4, serial_bayou_shore_a
Lair:2:   uniq_nergalle
Lair:3:   minmay_shoals_entry_beasts, portal_ice_cave_rime, minivault_23,
          disabler_island, lemuel_fruit_fields
Lair:4:   minmay_lair_venomous_thicket, guppyfry_snake_entry_island
Lair:5:   minmay_slime_entry_oklob_enclosed, grunt_forest_small_clearings,
          uniq_kirke
Sewer:    sewer_minmay_treatment
IceCv:    ice_cave_caverns_02
